[Event "German Bundesliga 2021-22"]
[Site "Germany"]
[Date "2022.04.30"]
[Round "5.14"]
[White "Radovanovic, Nikola"]
[Black "Maiwald, Jens-Uwe"]
[Result "0-1"]
[ECO "B41"]
[WhiteElo "2423"]
[BlackElo "2430"]
[Annotator "TA"]
[PlyCount "82"]
[EventDate "2022.03.05"]
[EventType "team-tourn"]
[EventCountry "GER"]
[SourceTitle "playchess.com"]
[Source "ChessBase"]
[SourceQuality "1"]
[TimeControl "40/5400+30:1800+30"]

1. e4 c5 2. Nf3 e6 3. d4 cxd4 4. Nxd4 a6 5. c4 Nf6 6. Nc3 Qc7 7. Be2 b6 8. O-O Bb7 9. Qd3 d6 10. f4 Nbd7 11. b4 Be7 {[%emt 0:11:01] B41: Sicilian: Kan Variation: 5 c4.} 12. a3 g6 {[%emt 0:04:06] [#]} 13. Bd2 $146 ({Predecessor:} 13. Bb2 O-O 14. Rac1 Rac8 15. g4 e5 16. g5 Ne8 17. Nf3 Qd8 18. Nd5 exf4 19. Qd4 {½-½ (45) Kyshtymov,D (2032)-Sukhareva,E (2234) Voronezh 2018}) 13... Rc8 {[%emt 0:08:34] White is better.} 14. Rac1 Qb8 15. Nb3 (15. Qe3 $16) 15... O-O 16. Bf3 Rfd8 17. Qe2 Bf8 18. g4 Bg7 $1 19. g5 Ne8 (19... Nh5 $1 $11) 20. Bg2 (20. h4 $14) 20... Rc7 21. Nd1 Qa8 22. Nf2 f5 (22... Rdc8 $1 $11 {remains equal.}) 23. Bc3 ({Better is} 23. gxf6 $16 Nexf6 24. a4) 23... e5 24. Nd2 (24. Bh3 $14) 24... exf4 (24... Nf8 $1 $11) 25. Nd3 (25. Nh3 $1 $14) 25... Bxc3 26. Rxc3 {[%emt 0:00:06] With the idea exf5.} Ng7 (26... f3 $1 $11 27. Bxf3 Ng7) 27. Nxf4 $16 Re8 28. Qd3 (28. c5 $1 $14 d5 29. Qd1 (29. c6 Rxc6 30. Nxd5 Rxc3 $15)) 28... Ne5 $11 29. Qd4 ({Don't go for} 29. Qxd6 $2 Rd7 30. Qxb6 Rxd2 $19) 29... Rf7 30. exf5 (30. Qxd6 $2 Rd7 31. Qxb6 Rxd2 $19) 30... Nxf5 31. Qxb6 (31. Bxb7 $1 $11 {and White stays safe.} Nxd4 32. Bxa8 Rxa8 33. Kg2) 31... Bxg2 $19 32. Nxg2 d5 (32... Ng4 $1 $19 {White must now prevent ...Rb8.} 33. Rd3 (33. Re1 $2 Nh4 $19) 33... Re2) 33. c5 $2 (33. Ne3 $1 $15) 33... d4 34. Rh3 (34. Rcc1 $142 Ne3 35. c6 (35. Nxe3 $2 dxe3 36. Rxf7 exd2 $19) 35... Nxf1 36. Rxf1) 34... Nd7 35. Qc7 {[%emt 0:00:53] [#]} Re2 $1 36. Nf3 Nf8 37. Qb6 {[%emt 0:00:35] [#]} Rxg2+ {[%emt 0:00:26][%mdl 576] Remove Defender, Decoy} 38. Kxg2 Ne3+ {[%emt 0:00:06] Pair of Knights!} 39. Kf2 Nxf1 (39... Qe4 $142 40. Rg1 Qc2+ 41. Kg3 Nf5+ 42. Kf4 Nd6+ 43. Kg3 Nf5+ 44. Kf4 Nh4+ 45. Qf6 Rxf6+ 46. gxf6 Qf5+ 47. Kg3 Qxf3+ 48. Kxh4 Qf2+ 49. Rhg3 Qxh2+ 50. Rh3 Qxg1 51. Rh1 Qxh1+ 52. Kg4 d3 53. Kf4 d2 54. Kg3 d1=Q 55. f7+ Kxf7 56. Kf4 Qdf3+ 57. Kg5 h6#) 40. c6 {[%emt 0:00:23] [#]} Qc8 $1 41. Rh4 {[%emt 0:00:00] [#]} (41. Qxd4 Qxh3) 41... Nd2 {[%emt 0:00:00] Weighted Error Value: White=0.96/Black=0.38} (41... Qf5 $142 $1 42. Qxd4 Qxf3+ 43. Ke1 Re7+ 44. Re4 Rxe4+ 45. Qxe4 Qxe4+ 46. Kxf1 Qxc6 47. Kf2 Qc3 48. h4 Ne6 49. Ke2 Nd4+ 50. Kf2 Qf3+ 51. Kg1 Ne2+ 52. Kh2 Qg3+ 53. Kh1 Qh3#) 0-1

[Event "German Bundesliga 2021-22"]
[Site "Germany"]
[Date "2022.04.30"]
[Round "5.14"]
[White "Sonntag, Hans-Hubert"]
[Black "Novikov, Igor"]
[Result "0-1"]
[ECO "D04"]
[WhiteElo "2322"]
[BlackElo "2551"]
[Annotator "TA"]
[PlyCount "47"]
[EventDate "2022.03.05"]
[EventType "team-tourn"]
[EventCountry "GER"]
[SourceTitle "playchess.com"]
[Source "ChessBase"]
[SourceQuality "1"]
[TimeControl "40/5400+30:1800+30"]

1. d4 d5 2. Nf3 Nf6 3. e3 c5 4. c4 e6 5. Nc3 a6 6. a3 Nc6 7. dxc5 Bxc5 8. b4 Bd6 9. Bb2 {[%emt 0:00:00] D40: Queen's Gambit Declined: Semi-Tarrasch with 5 e3.} dxc4 10. Bxc4 {[%emt 0:00:00] [#]} Qe7 $146 ({Predecessor:} 10... O-O 11. O-O b5 12. Bd3 Ne5 13. Nxb5 Nxd3 14. Bxf6 Bxh2+ 15. Nxh2 Qxf6 16. Nc7 Ra7 17. Nxe6 Bxe6 18. Qxd3 Rd8 19. Qe2 {1-0 (45) Lenic,L (2617)-Jelen,I (2376) Sentjur 2013}) 11. Qe2 {[%emt 0:08:26] White is slightly better.} Bd7 12. O-O Rc8 13. Bd3 O-O 14. e4 {[%emt 0:13:11] [#] aiming for e5.} Ne5 15. Nxe5 Bxe5 16. Nd1 Qd6 17. Bxe5 Qxe5 18. Ne3 Rc3 ({Much less strong is} 18... Nxe4 19. Ng4 Qc7 20. Bxe4 $14 (20. Qxe4 f5 $11)) 19. Nc4 Qd4 20. Rad1 (20. Rfd1 $1 $15) 20... Bb5 $36 {[%emt 0:04:48][%cal Rb5c4][%mdl 2048] Black is in control.} 21. Nb2 Bxd3 {[%emt 0:01:57] Black is more active.} 22. Nxd3 Rxa3 ({Don't play} 22... Nxe4 23. Nc5 Qc4 24. Qxe4 $18) 23. Ra1 $2 {[#]} (23. Rfe1) 23... Rc3 $2 (23... Rxa1 24. Rxa1 Qxa1+ 25. Qe1 Qxe1+ 26. Nxe1 Nxe4) 24. Rfd1 {Weighted Error Value: White=0.69/Black=0.56} 0-1

[Event "German Bundesliga 2021-22"]
[Site "Germany"]
[Date "2022.04.30"]
[Round "5.15"]
[White "Hausrath, Daniel"]
[Black "Meessen, Rudolf"]
[Result "1-0"]
[ECO "A04"]
[WhiteElo "2475"]
[BlackElo "2239"]
[Annotator "TA"]
[PlyCount "111"]
[EventDate "2022.03.05"]
[EventType "team-tourn"]
[EventCountry "GER"]
[SourceTitle "playchess.com"]
[Source "ChessBase"]
[SourceQuality "1"]
[TimeControl "40/5400+30:1800+30"]

1. Nf3 d6 2. d4 g6 3. g3 Bg7 4. Bg2 e5 5. dxe5 dxe5 6. Qxd8+ Kxd8 7. Nc3 {[%emt 0:00:00] 7.0-0 deserves study.} c6 {[%emt 0:00:00] A41: 1 d4 d6: Tartakower System and Modern Defence.} 8. Be3 f6 9. O-O-O+ Kc7 {[%emt 0:00:00] White is slightly better.} 10. Bc5 {[%emt 0:03:43] [#] And now Bd6+ would win.} Be6 11. Bd6+ Kc8 {[%emt 0:00:00] [#]} 12. Nd2 $146 ({Predecessor:} 12. h4 h5 13. Ne4 Nh6 14. Be7 Nd7 15. Rd6 Bf5 16. Nxf6 Nf7 17. Nxd7 Nxd6 18. Bxd6 Kxd7 19. Bxe5 {0-1 (49) Donchenko,A (2572)-Valderrama Quiceno,E (2406) Chess.com INT 2016}) 12... Nh6 13. Nde4 {[%emt 0:01:37] aiming for Nc5.} Nd7 14. h4 Nf7 15. Ba3 f5 16. Ng5 Nxg5 17. hxg5 h5 18. e4 Bf8 $1 {[%emt 0:10:26] Prevents Rd6.} 19. Bxf8 Nxf8 20. exf5 gxf5 (20... Bxf5 $14 21. Rde1 Nd7) 21. Rhe1 Nd7 22. Rd6 Re8 23. Bf3 Kc7 24. Red1 Re7 25. Bxh5 Rh8 26. Be2 $132 {[%emt 0:01:39][%mdl 2048] White puts up resistance} Rh2 27. f4 e4 {[%emt 0:01:01] Against R6d3} (27... Rf2 $11) 28. g6 (28. R6d4 $14) 28... Rg2 (28... Rh6 $11 {remains equal.}) 29. g4 $1 $16 ({Worse is} 29. g7 Rxg3 30. Rxe6 Rxe6 $17) 29... fxg4 30. g7 $1 Bg8 31. Rg6 {White is more active.} Re6 {[%emt 0:03:43] [#]} (31... Rf2 $16 {was necessary.}) 32. Rxg4 (32. Rxe6 $1 $18 {is the precise move to win. Strongly threatening Re7.} Bxe6 33. Rh1) 32... Rg6 33. Rxg6 Rxg6 34. Nxe4 Rxg7 35. Ng5 Nf6 36. Bf3 Re7 37. Rh1 Nd5 (37... Bd5 $14) 38. Rh8 Rg7 39. Bxd5 Bxd5 {[%emt 0:00:03][%mdl 4096] Endgame KRB-KRN} 40. b3 b5 {[%emt 0:00:30] Against c4} 41. Kd2 Kd6 42. Kd3 Kc5 {[%emt 0:00:00] Inhibits c4.} 43. Rh7 Rxh7 {[%emt 0:00:00] Loses the game.} (43... Rg8 $16 {was called for.}) 44. Nxh7 {[%emt 0:00:00] Ng5 is the strong threat. KB-KN} Bf7 $2 (44... Kd6 {was worth a try.} 45. Ng5 Bg2) 45. f5 $18 {[%emt 0:00:00] Hoping for Ng5.} Kd6 46. Ke4 a5 47. Ng5 Bd5+ (47... Bh5 48. c3 a4 49. bxa4 bxa4) 48. Kf4 a4 49. Ne4+ (49. bxa4 $142 bxa4 50. Ne4+ Ke7 51. a3) 49... Kc7 50. Ke5 (50. bxa4 $142 bxa4 51. a3) 50... b4 51. Nc5 axb3 52. axb3 {[%emt 0:00:00] White mates.} Kb6 {[%emt 0:03:27] Against Na6} 53. Ne6 Bf3 54. f6 Bh5 55. Kd6 Bg6 56. Ke7 {[%emt 0:00:00] Weighted Error Value: White=0.13 (very precise) /Black=0.41} 1-0

[Event "German Bundesliga 2021-22"]
[Site "Germany"]
[Date "2022.04.30"]
[Round "5.15"]
[White "Sebastian, Dirk"]
[Black "Wagner, Dennis"]
[Result "1/2-1/2"]
[ECO "C50"]
[WhiteElo "2445"]
[BlackElo "2584"]
[Annotator "TA"]
[PlyCount "60"]
[EventDate "2022.03.05"]
[EventType "team-tourn"]
[EventCountry "GER"]
[SourceTitle "playchess.com"]
[Source "ChessBase"]
[SourceQuality "1"]
[TimeControl "40/5400+30:1800+30"]

1. e4 e5 2. Nf3 Nc6 3. Bc4 Nf6 4. d3 Bc5 5. O-O d6 6. c3 a5 {[%emt 0:00:00] 6...h6 is becoming the main line. C54: Giuoco Piano: 4 c3 Nf6, main lines with 5 d4 and 5 d3.} 7. Re1 O-O 8. h3 Be6 9. Bb5 Ba7 10. d4 {[%emt 0:13:50] [#] d5 is the strong threat.} Bd7 11. Ba4 {[%emt 0:05:08] [#]} Re8 $146 ({Predecessor:} 11... h6 12. Be3 Re8 {0-1 (12) Gimenes,H (2176)-Cruz Ramirez,E (1600) LSS email 2020}) 12. Bc2 h6 13. a4 exd4 14. cxd4 Nb4 15. Nc3 Nxc2 16. Qxc2 c6 17. Bd2 Be6 18. Rac1 d5 19. e5 Nd7 (19... Ne4 $5) 20. Be3 Nf8 21. Ne2 f6 22. Ng3 fxe5 23. Nxe5 Qf6 24. f4 Bf7 25. Qf2 {[%emt 0:02:45] White is much more active.} Nh7 26. Qf3 Rad8 27. Nh5 (27. Bf2 $14) 27... Qf5 (27... Bxh5 $11 28. Qxh5 Re7) 28. Ng3 $16 Qf6 29. Nh5 {[%emt 0:00:05] Pair of Knights!} Qf5 30. Ng3 Qf6 {Weighted Error Value: White=0.12 (very precise) /Black=0.07 (flawless)} 1/2-1/2

[Event "German Bundesliga 2021-22"]
[Site "Germany"]
[Date "2022.04.30"]
[Round "5.15"]
[White "Gauglitz, Gernot"]
[Black "Ciolek, Andreas"]
[Result "0-1"]
[ECO "E63"]
[WhiteElo "2392"]
[BlackElo "2194"]
[Annotator "TA"]
[PlyCount "75"]
[EventDate "2022.03.05"]
[EventType "team-tourn"]
[EventCountry "GER"]
[SourceTitle "playchess.com"]
[Source "ChessBase"]
[SourceQuality "1"]
[TimeControl "40/5400+30:1800+30"]

1. d4 Nf6 2. Nf3 g6 3. g3 Bg7 4. Bg2 O-O 5. O-O d6 6. c4 Nc6 7. Nc3 a6 8. b3 {[%emt 0:00:00] is currently scoring better than 8.h3.} Rb8 9. a4 Bd7 {[%emt 0:00:00] E63: King's Indian: Fianchetto: Panno Variation with 7...a6.} 10. h3 e5 11. d5 Nd4 12. Ne1 b5 13. cxb5 axb5 14. e3 Nf5 {[%emt 0:01:42][%cal Oe5e4] [#]} 15. a5 $146 ({Predecessor:} 15. Bd2 Qc8 16. Kh2 bxa4 17. bxa4 Qa6 18. Qc2 c6 19. dxc6 Bxc6 20. Bxc6 Qxf1 21. Bc1 Qxe1 {½-½ (84) Rustemov,A (2525)-Antonio,V (2397) Chess.com INT 2021}) 15... b4 16. Ne2 Rb5 {[%emt 0:08:32] Black is more active.} (16... Ne7 $15) 17. e4 $11 Ne7 18. a6 c5 19. Bb2 (19. f4 $11 {remains equal.} Nh5 20. a7) 19... Ne8 ({Black should try} 19... Ra5 $17 {Strongly threatening ...Rxa1.} 20. f4 exf4) 20. f4 f6 (20... exf4 $11 21. Qd2 (21. Bxg7 Nxg7 22. Qd2 fxg3 $11) 21... fxg3) 21. Nf3 (21. g4 $14) 21... Qa8 (21... Rb6 {keeps more tension.} 22. fxe5 fxe5 23. Ng5 Rf6) 22. g4 h6 (22... Rb6 $1 $15) 23. fxe5 fxe5 24. Nd2 {[%emt 0:04:04] [#]} (24. g5 $1 $11 {keeps the balance.}) 24... Rb6 $1 $17 25. Rxf8+ Bxf8 26. a7 Rb7 27. Nc4 Rxa7 28. Rc1 Bg7 29. Ng3 Bb5 30. Bf1 Bxc4 31. Bxc4 Bf6 32. Qf3 (32. Qd3 $17 {might work better.}) 32... Ra2 $19 33. Qf2 (33. Qe2 $17) 33... Bh4 {[%emt 0:02:37] Hoping for ...Bxg3.} 34. Rf1 {[%emt 0:02:16] White wants to mate with Qf8+.} Nf6 (34... Rxb2 $2 {gets mated.} 35. Qf8+ Kh7 36. Rf7+) 35. Bd3 {[%emt 0:00:46] [#]} Kg7 $2 (35... Qf8 $1 $19 {Threatens to win with ...Kg7.} 36. Kg2 Qf7) 36. Kh2 $2 (36. Nh5+ $1 $11 {and White stays safe.} gxh5 37. Qxh4) 36... Nexd5 $2 37. exd5 $11 Qxd5 {[%emt 0:00:08] Dancing on a razor blade.} 38. Bc4 {[%emt 0:02:54][%mdl 32768] Weighted Error Value: White=0.41/Black=0.31. Loss on time!?} 0-1

[Event "German Bundesliga 2021-22"]
[Site "Germany"]
[Date "2022.04.30"]
[Round "5.15"]
[White "Rietze, Clemens"]
[Black "Zilka, Stepan"]
[Result "0-1"]
[ECO "E18"]
[WhiteElo "2279"]
[BlackElo "2599"]
[Annotator "TA"]
[PlyCount "104"]
[EventDate "2022.03.05"]
[EventType "team-tourn"]
[EventCountry "GER"]
[SourceTitle "playchess.com"]
[Source "ChessBase"]
[SourceQuality "1"]
[TimeControl "40/5400+30:1800+30"]

1. d4 Nf6 2. c4 e6 3. Nf3 b6 4. g3 Bb7 5. Bg2 Be7 6. O-O O-O 7. Nc3 Ne4 8. Bd2 d6 9. Ne1 Nxc3 10. Bxc3 Bxg2 11. Nxg2 d5 {[%emt 0:00:00] E18: Queen's Indian: Old Main Line (4 g3 Bb7 5 Bg2 Be7 6 0-0 0-0 7 Nc3).} 12. Qb3 c6 {[%emt 0:00:30] [#]} 13. e4 $146 ({Predecessor:} 13. Nf4 Nd7 14. Nd3 {½-½ (14) Miton,K (2629)-Polgar,J (2682) Khanty-Mansiysk 2010}) 13... dxe4 {[%emt 0:02:30] The position is equal.} 14. Rfe1 Nd7 15. Rxe4 b5 16. cxb5 Rb8 17. a4 Nf6 18. Ree1 a6 19. Nf4 axb5 20. axb5 Rxb5 21. Qc4 Nd5 22. Nxd5 Qxd5 23. Qxd5 cxd5 24. Ra7 Bb4 25. Rea1 g5 26. h3 Rc8 27. Ra8 Rxa8 28. Rxa8+ $15 {[%emt 0:00:00][%mdl 4096] Endgame KRB-KRB} Kg7 29. Kg2 h5 30. Kf3 Rb7 31. Rc8 Rb6 32. h4 {[%emt 0:05:17] Black converts the advantage convincingly.} (32. Ke3 $11) 32... gxh4 $17 33. gxh4 Be7 34. Kg3 {[%emt 0:00:49] [#]} Ra6 $1 {[%emt 0:02:30] Against Ra8} 35. Bd2 Bf6 36. Bc3 Ra1 37. b4 (37. f3 {was worth a try.}) 37... Ra3 $19 {[%emt 0:02:30] Hoping for ...Bxd4.} 38. f3 Rb3 39. Rc7 Kg6 40. Kh3 Bd8 41. Rc8 Be7 42. Kg3 (42. Be1 $142) 42... Kf5 43. Be1 Rb1 ({Don't blunder} 43... Bxb4 $2 44. Bf2 $19) 44. Bd2 {[%emt 0:00:00] [#]} (44. Bf2) 44... Bd6+ 45. Kf2 Rb2 46. Ke1 Bxb4 47. Bxb4 Rxb4 {[%emt 0:00:00] KR-KR} 48. Rh8 Kg6 49. Rg8+ Kh7 50. Rg5 f6 51. Rxh5+ Kg7 52. Ke2 Rb8 {[%emt 0:00:30] Weighted Error Value: White=0.48/Black=0.06 (flawless)} 0-1

[Event "German Bundesliga 2021-22"]
[Site "Germany"]
[Date "2022.04.30"]
[Round "5.16"]
[White "Maze, Sebastien"]
[Black "Meissner, Felix"]
[Result "1-0"]
[ECO "B23"]
[WhiteElo "2527"]
[BlackElo "2381"]
[Annotator "TA"]
[PlyCount "47"]
[EventDate "2022.03.05"]
[EventType "team-tourn"]
[EventCountry "GER"]
[SourceTitle "playchess.com"]
[Source "ChessBase"]
[SourceQuality "1"]
[TimeControl "40/5400+30:1800+30"]

1. e4 c5 2. Nc3 a6 3. g3 b5 4. Bg2 Bb7 5. Nge2 e5 6. f4 {[%emt 0:00:19] B23: Closed Sicilian: Lines without g3.} d6 7. a4 b4 8. Nd5 {[%emt 0:00:05] White is slightly better.} Ne7 9. O-O Nxd5 10. exd5 Nd7 {[%emt 0:01:13] [#]} 11. fxe5 $146 ({Predecessor:} 11. c4 bxc3 12. bxc3 c4 13. Rb1 Qc7 14. Ba3 Rb8 15. Re1 Be7 16. fxe5 dxe5 17. Bxe7 Kxe7 {0-1 (39) Wang,C (2513)-Zhou,J (2574) China 2014}) 11... dxe5 12. c4 Bd6 13. g4 h5 {[%emt 0:30:25] Black cannot hold the game after this.} (13... e4 $14) 14. Ng3 $18 hxg4 (14... h4 $142) 15. Qxg4 g6 16. Ne4 Be7 17. d3 {[%emt 0:03:29] Black must now prevent Bg5.} Nf8 18. Qg3 (18. Qf3 f5 $16) 18... Rh5 19. Bf3 Rf5 20. Be3 Rc8 $2 (20... a5 21. Bg4 Bc8 22. Bxf5 (22. Nxc5 Rxf1+ 23. Rxf1 Bxg4 $16) (22. Bxc5 Rxf1+ 23. Rxf1 Bxc5+ 24. Nxc5 Bxg4 $18) 22... gxf5) 21. Bg4 Rxf1+ 22. Rxf1 f5 {[%emt 0:00:34] [#]} 23. Qxe5 $1 {[%emt 0:00:46][%cal Of1f5] Intending Rxf5! and mate.} fxg4 {[%emt 0:04:09] [#]} (23... Ba8 24. Rxf5) 24. Rxf8+ $1 {[%emt 0:06:18][%mdl 576] Pin.  Weighted Error Value: White=0.05 (flawless) /Black=0.62} 1-0

[Event "German Bundesliga 2021-22"]
[Site "Germany"]
[Date "2022.04.30"]
[Round "5.16"]
[White "Hennig, Dirk"]
[Black "Loxine, Jakov"]
[Result "1-0"]
[ECO "E67"]
[WhiteElo "2385"]
[BlackElo "2390"]
[Annotator "TA"]
[PlyCount "69"]
[EventDate "2022.03.05"]
[EventType "team-tourn"]
[EventCountry "GER"]
[SourceTitle "playchess.com"]
[Source "ChessBase"]
[SourceQuality "1"]
[TimeControl "40/5400+30:1800+30"]

1. d4 Nf6 2. Nf3 g6 3. c4 Bg7 4. g3 O-O 5. Bg2 d6 6. O-O Nbd7 7. Qc2 e5 8. Rd1 exd4 9. Nxd4 Re8 10. Nc3 a6 11. b3 Rb8 12. Bb2 {[%emt 0:07:24] E67: King's Indian: Fianchetto: 6...Nbd7.} c5 13. Nf3 b5 14. cxb5 {[%emt 0:03:42] [#] White is slightly better.} Qe7 $146 ({Black should try} 14... axb5 $14 15. Rxd6 b4) ({Predecessor:} 14... axb5 15. Rxd6 b4 16. Na4 Qe7 17. Rad1 Ne4 18. Rc6 Bxb2 19. Qxb2 Ndf6 20. Nxc5 Nc3 21. Re1 Ng4 22. e3 Rb5 23. Nd3 Bb7 24. Rc4 Ne4 25. Nd4 Rb6 26. f3 {1-0 (26) Gukesh,D (2529)-Setyaki,A (2378) Ho Chi Minh City 2019}) 15. bxa6 {[%emt 0:01:55] White is more active.} Bxa6 16. e3 Nb6 ({Better is} 16... Red8) 17. a4 $16 Nc8 18. Rab1 Bb7 19. Ne1 Qe6 (19... Na7 $16 {was necessary.} 20. Ba1 Bxg2 21. Nxg2 Nc6) 20. Nb5 $18 {[%emt 0:01:35] [#] aiming for Nc7.} Bxg2 (20... Re7 {is a better defense.} 21. b4 Bxg2 22. Nxg2 Qe4) 21. Nxg2 (21. Kxg2 Qe7 22. Nf3 Rd8) 21... Qg4 22. Bxf6 Bxf6 23. Nxd6 Nxd6 24. Rxd6 Be7 25. Rdd1 (25. Qxc5 Bxd6 26. Qxd6 Red8 $17) 25... g5 26. Ne1 Rb6 27. f3 $2 (27. Rd5 $18 {has better winning chances.}) 27... Qe6 $16 28. e4 g4 29. Rd5 Bf6 (29... h6 $16 {was called for.} 30. Rbd1 Bf8 31. fxg4 Qxg4) 30. Qxc5 $18 gxf3 31. Nxf3 Qxe4 (31... Rc8 $142 32. Qe3 Rb4) 32. Re1 Be7 33. Rg5+ ({Weaker is} 33. Rxe4 Bxc5+ 34. Red4 (34. Rxc5 Rxe4 35. Kf1 Kg7 $11) 34... Bxd4+ 35. Nxd4 Rb4 $11) (33. Qxb6 Qxd5 34. Kg2 (34. Nd4 Kg7 $11) 34... Rc8 35. Rxe7 Rc2+ 36. Kg1 Qxf3 37. Re8+ Kg7 38. Qd4+ f6 39. Qd7+ Kh6 40. Qh3+ Qh5 41. Qxh5+ Kxh5) 33... Kf8 $2 (33... Rg6 34. Qb5 (34. Rxe4 Bxc5+ 35. Rxc5 Rxe4 $11) 34... Qa8) 34. Qxb6 {[%emt 0:00:24][%cal Rb6h6] [#]} ({Worse is} 34. Rxe4 Bxc5+ 35. Rxc5 Rxe4 $11) 34... Qxf3 35. Qh6# {[%emt 0:00:34] Weighted Error Value: White=0.14 (very precise) /Black=0.55} 1-0

[Event "German Bundesliga 2021-22"]
[Site "Germany"]
[Date "2022.04.30"]
[Round "5.16"]
[White "Lamby, Philipp"]
[Black "Dinstuhl, Volkmar"]
[Result "1-0"]
[ECO "B22"]
[WhiteElo "2151"]
[BlackElo "2393"]
[Annotator "TA"]
[PlyCount "53"]
[EventDate "2022.03.05"]
[EventType "team-tourn"]
[EventCountry "GER"]
[SourceTitle "playchess.com"]
[Source "ChessBase"]
[SourceQuality "1"]
[TimeControl "40/5400+30:1800+30"]

1. e4 c5 2. c3 d6 3. d4 Nf6 4. dxc5 Nc6 5. Bc4 e6 6. Qe2 {[%emt 0:01:04] B22: Sicilian: 2 c3.} dxc5 7. Nf3 Be7 8. O-O {[%emt 0:00:54] White is slightly better.} O-O (8... Qc7 $11 {keeps the balance.}) 9. e5 $16 Nd5 10. Qe4 b6 {[%emt 0:36:10][%cal Bb7b6,Bb6b5][%mdl 32] [#]} 11. Nbd2 $146 ({Better is} 11. Bd3 $16 g6 12. Bb5 (12. Bh6 Re8 $14)) ({Predecessor:} 11. Rd1 Bb7 12. Bd3 g6 13. Qe2 Qc7 14. a3 Na5 15. Bh6 c4 16. Bc2 Rfd8 17. Nbd2 {1-0 (41) Papin,V (2374)-Jurcik,M (2164) Budva 2003}) 11... Bb7 12. Bd3 (12. Re1 $14) 12... g6 $11 13. Bc2 Qc7 $1 14. Nc4 b5 15. Na3 a6 16. Bh6 Rfe8 17. Rae1 (17. c4 Ndb4 18. Qe2 (18. cxb5 $2 Nd4 $19) 18... Nd4 19. Nxd4 cxd4 20. cxb5 Red8 $17) 17... Rad8 (17... b4 $5 18. Nb1 bxc3 19. bxc3 (19. Nxc3 Nxc3 20. bxc3 Nd4 $17) 19... Rad8 $11) 18. Qg4 Bf8 19. Bxf8 Rxf8 20. h4 Kg7 (20... b4 $5 21. Nb1 a5 $15) 21. h5 c4 (21... f5 $11 22. exf6+ Nxf6 23. h6+ (23. Qxe6 $2 Bc8 $19) 23... Kxh6 24. Qh4+ (24. Qxe6 Kg7 $15) 24... Kg7) 22. Ng5 (22. Qg3 $1 $14) 22... Qe7 $2 {[%emt 0:02:43][%mdl 8192] [#] This move loses the game for Black.} (22... Nxe5 $15 {stays ahead.} 23. Qd4 Nf4 24. Qxe5+ (24. h6+ $2 Kxh6 25. Qxf4 Nf3+ 26. Qxf3 Bxf3 $19) 24... Qxe5 25. Rxe5 Bxg2) 23. Nxh7 $1 $18 Rg8 $2 (23... Kxh7 24. hxg6+ fxg6) 24. hxg6 {[%emt 0:02:56] White is clearly winning.} Kh8 25. Ng5 {[%emt 0:00:33] Hoping for Qh5+.} fxg6 26. Qh3+ Kg7 27. Nxe6+ {[%emt 0:01:18] Weighted Error Value: White=0.30/Black=0.47} 1-0

[Event "German Bundesliga 2021-22"]
[Site "Germany"]
[Date "2022.05.01"]
[Round "6.1"]
[White "Harikrishna, Pentala"]
[Black "Nihal Sarin"]
[Result "1/2-1/2"]
[ECO "C78"]
[WhiteElo "2719"]
[BlackElo "2648"]
[Annotator "TA"]
[PlyCount "80"]
[EventDate "2022.03.05"]
[EventType "team-tourn"]
[EventCountry "GER"]
[SourceTitle "playchess.com"]
[Source "ChessBase"]
[SourceQuality "1"]
[TimeControl "40/5400+30:1800+30"]

1. e4 e5 2. Nf3 Nc6 3. Bb5 a6 4. Ba4 Nf6 5. O-O Bc5 6. c3 O-O 7. d4 Ba7 8. Re1 {[%emt 0:00:00] C78: Ruy Lopez: Archangelsk and Möller Defences.} b5 9. Bc2 d6 10. h3 Bb7 11. Be3 exd4 12. cxd4 Nb4 13. Nbd2 Nxc2 14. Qxc2 Qd7 15. d5 Bxe3 16. Rxe3 {[%emt 0:00:06] [#]} Rac8 $146 ({Predecessor:} 16... c6 17. dxc6 Bxc6 18. Nd4 Bb7 19. a4 Rac8 20. Qd3 bxa4 21. Nf5 Rfd8 22. Qd4 Qe6 23. Rxa4 {½-½ (40) Severins,J (2178)-Visser,A (2295) ICCF email 2017}) 17. Nd4 c6 18. dxc6 Bxc6 19. Qd3 Rfe8 20. Rd1 g6 {[%emt 0:00:37] Prevents Nf5.} 21. a3 Qd8 22. Nxc6 Rxc6 23. Nf3 Qc7 {[%emt 0:23:22] The position is equal.} 24. Ree1 Qb7 25. Qd4 Qe7 26. b3 Rec8 ({Much less strong is} 26... Nxe4 27. Nd2 d5 28. f3 $16) 27. Qd2 Kg7 (27... Nxe4 $2 28. Qd5 $18) 28. Re3 Qc7 29. Ree1 {[%emt 0:03:50] Black must now prevent Nd4.} Qe7 30. a4 bxa4 31. bxa4 Rc4 32. Qxd6 Qxd6 33. Rxd6 Nxe4 34. Rxa6 Nc5 35. Ra7 {[%emt 0:01:24] [#] aiming for Ree7.} Rxa4 36. Rae7 Kf6 37. R7e3 Rca8 38. Rc3 Ne4 39. Rce3 Nc5 40. Rc3 Ne4 {[%emt 0:00:05] Weighted Error Value: White=0.05 (flawless) /Black=0.03 (flawless)} 1/2-1/2